[Event "Titled Tuesday Blitz May 17 Late 2022"]
[White "Sadhwani, Raunak"]
[Black "Martinez Alcantara, Jose Eduardo"]
[WhiteFideId "35093487"]
[BlackFideId "3805662"]
[WhiteElo "2616"]
[BlackElo "2690"]
[Result "1/2-1/2"]
[Round "10"]
[TimeControl "180+1"]
[Date "2022.05.17"]
[WhiteClock "0:00:06"]
[BlackClock "0:00:04"]

1. e4 e5 2. Nf3 Nc6 3. Bc4 Bc5 4. c3 Nf6 5. d4 exd4 6. e5 d5 7. Bb5 Ne4 8. cxd4 Bb6 9. Nc3 O-O 10. Be3 Bg4 11. h3 Bh5 12. Qc2 Bg6 13. Qb3 Ne7 14. O-O c5 15. dxc5 Nxc5 16. Qb4 Ne6 17. Bxb6 axb6 18. Rfd1 Nc6 19. Qd6 d4 20. Nd5 Be4 21. Bxc6 bxc6 22. Ne7+ Kh8 23. Nxd4 Qxd6 24. exd6 c5 25. Nxe6 fxe6 26. f3 Bb7 27. b4 cxb4 28. Rab1 Ra4 29. Rbc1 Rxa2 30. d7 Raa8 31. Rc7 Bd5 32. Nxd5 exd5 33. Rxd5 Kg8 34. Rb5 Rab8 35. Rxb4 Rfd8 36. Rb5 Kf7 37. Rc6 Rxd7 38. Rcxb6 Rxb6 39. Rxb6 h5 40. h4 g6 41. Kh2 Kg7 42. Kg3 Rd4 43. Rb1 Ra4 44. Re1 Rb4 45. Re4 Rb5 46. Kf4 Rf5+ 47. Ke3 Ra5 48. Rd4 Ra2 49. g3 Ra5 50. Ke4 Kf6 51. Rd6+ Kf7 52. Rd5 Ra3 53. Kf4 Kg7 54. Rb5 Rc3 55. Re5 Kf6 56. Rd5 Rc4+ 57. Ke3 Ra4 58. Rd6+ Kf7 59. Rd4 Ra3+ 60. Kf4 Ra5 61. Re4 Kf6 62. Rc4 Rf5+ 63. Ke3 Re5+ 64. Re4 Ra5 65. Rf4+ Kg7 66. Rd4 Ra3+ 67. Ke4 Ra5 68. Rd5 Ra3 69. Rd6 Ra5 70. Kf4 Rf5+ 71. Ke3 Rb5 72. Ke4 Ra5 73. Rd5 Ra3 74. Rd4 Ra5 75. g4 hxg4 76. fxg4 Ra6 77. Kf4 Ra7 78. Rd5 Rb7 79. Kg5 Ra7 80. Re5 Rb7 81. Ra5 Rc7 82. Kf4 Rf7+ 83. Ke4 Rb7 84. Rd5 Rb4+ 85. Rd4 Rb7 86. g5 Re7+ 87. Kd5 Re1 88. Re4 Rh1 89. Kd6 Kf7 90. Re7+ Kf8 91. Re4 Kf7 92. Rf4+ Kg7 93. Ra4 Rd1+ 94. Ke5 Re1+ 95. Re4 Rh1 96. Ke6 Ra1 97. Rd4 Re1+ 98. Kd7 Rh1 99. Rc4 Rd1+ 100. Ke6 Re1+ 101. Kd5 Rd1+ 102. Rd4 Rh1 103. Kd6 Kf7 104. Kd7 Rh2 105. Rf4+ Kg7 106. Re4 Rd2+ 107. Ke8 Rh2 108. Re7+ Kg8 109. Re6 Kg7 110. Re4 Rd2 111. Re7+ Kg8 112. Rd7 Re2+ 113. Kd8 Re4 114. Rd6 Kg7 115. Rd7+ Kg8 116. Rd6 Kf7 117. Rd7+ Kf8 118. Rd6 Kf7 119. Rd7+ Kg8 1/2-1/2


[Site "https://www.chess.com"]

[Event "Titled Tuesday Blitz May 17 Late 2022"]
[White "Santos Ruiz, Miguel"]
[Black "Sismeiro, Miguel"]
[WhiteFideId "22291482"]
[BlackFideId "1950975"]
[WhiteElo "2486"]
[BlackElo "2031"]
[Result "1/2-1/2"]
[Round "10"]
[TimeControl "180+1"]
[Date "2022.05.17"]
[WhiteClock "0:01:20"]
[BlackClock "0:00:11"]

1. e4 c6 2. Nc3 d5 3. Nf3 g6 4. d4 Bg7 5. h3 dxe4 6. Nxe4 Nf6 7. Nxf6+ exf6 8. Bc4 O-O 9. O-O a5 10. a4 Na6 11. Bf4 Nc7 12. Re1 Nd5 13. Bg3 Bf5 14. c3 Qd7 15. Bf1 Rfe8 16. Nd2 Bf8 17. Nc4 Rxe1 18. Qxe1 Re8 19. Qd2 b6 20. Re1 Rxe1 21. Qxe1 Bc2 22. Qa1 h5 23. Be2 Qe7 24. Bf3 Bh6 25. h4 Bb3 26. Bxd5 cxd5 27. Nxb6 Qd8 28. Nxd5 Qxd5 29. Qa3 Bf8 30. Qa1 Qc4 31. Qe1 Qxa4 32. Qe4 Be6 33. Qa8 Kg7 34. Bf4 Qd1+ 35. Kh2 Qg4 36. Bg3 f5 37. Qb8 f4 38. Bxf4 Qxh4+ 39. Kg1 Be7 40. Bg3 Qg4 41. Be5+ Bf6 42. Bd6 Qd1+ 43. Kh2 h4 44. Be5 Bxe5+ 45. Qxe5+ Kh7 46. Qf6 Qb3 47. Qxh4+ Kg7 48. Qg3 a4 49. Qe5+ Kh7 50. Qe2 Qc4 51. Qe3 Qd5 52. f3 Kg7 53. Kg3 Kf6 54. Qf4+ Qf5 55. Qc7 Qg5+ 56. Kh2 Qh4+ 57. Kg1 Qe1+ 58. Kh2 Qh4+ 59. Kg1 Qe1+ 60. Kh2 Qd2 61. Qe5+ Ke7 62. Qc5+ Ke8 63. Qc6+ Ke7 64. Qc5+ Ke8 65. Qc6+ Ke7 66. Qc5+ 1/2-1/2


[Site "https://www.chess.com"]

[Event "Titled Tuesday Blitz May 17 Late 2022"]
[White "Svane, Rasmus"]
[Black "Pichot, Alan"]
[WhiteFideId "4657101"]
[BlackFideId "110973"]
[WhiteElo "2674"]
[BlackElo "2579"]
[Result "1-0"]
[Round "10"]
[TimeControl "180+1"]
[Date "2022.05.17"]
[WhiteClock "0:00:34"]
[BlackClock "0:00:45"]

1. Nf3 Nf6 2. g3 d5 3. Bg2 e6 4. O-O Be7 5. c4 O-O 6. b3 b6 7. d4 Bb7 8. Nc3 Nbd7 9. Bb2 a6 10. Rc1 Bd6 11. e3 Qe7 12. Ne1 Rfd8 13. Nd3 Rac8 14. cxd5 exd5 15. Qe2 c5 16. dxc5 bxc5 17. Rfd1 Nb6 18. Qf1 d4 19. exd4 Bxg2 20. Qxg2 cxd4 21. Re1 Qd7 22. Ne4 Nxe4 23. Rxc8 Qxc8 24. Qxe4 Bf8 25. Bxd4 Nd5 26. Bb2 Qc2 27. Qe2 Qc6 28. Qf3 Nb4 29. Qxc6 Nxc6 30. Re3 f6 31. Kf1 Nb4 32. Nxb4 Bxb4 33. a3 Rd1+ 34. Kg2 Bc5 35. Rc3 Bxf2 36. Rc8+ Kf7 37. Rc7+ Kg6 38. Bxf6 Rd2 39. Bc3 Bxg3+ 40. Kxg3 1-0


[Site "https://www.chess.com"]

[Event "Titled Tuesday Blitz May 17 Late 2022"]
[White "Tologon tegin, Semetei"]
[Black "Mickiewicz, Piotr"]
[WhiteFideId "13800574"]
[BlackFideId "1114891"]
[WhiteElo "2258"]
[BlackElo "2223"]
[Result "1/2-1/2"]
[Round "10"]
[TimeControl "180+1"]
[Date "2022.05.17"]
[WhiteClock "0:00:12"]
[BlackClock "0:00:03"]

1. e4 c5 2. Nf3 e6 3. g3 b6 4. Bg2 Bb7 5. Nc3 d6 6. O-O Nf6 7. d3 Be7 8. Ng5 Qc7 9. f4 a6 10. a4 h6 11. Nf3 Nbd7 12. h3 c4 13. Qe2 Nc5 14. Be3 O-O 15. Nd2 cxd3 16. cxd3 e5 17. Rac1 Qd7 18. Ra1 Rac8 19. d4 exd4 20. Bxd4 Rfe8 21. Rfc1 Bd8 22. b4 Ncxe4 23. Ncxe4 Nxe4 24. Rxc8 Qxc8 25. Nxe4 d5 26. Qb2 dxe4 27. Bxg7 e3 28. Bh8 f6 29. Bxf6 Bxg2 30. Bxd8 e2 31. Qb3+ Kg7 32. Kxg2 e1=Q 33. Rxe1 Rxe1 34. Qb2+ Kg8 35. Qb3+ Qe6 36. Qxe6+ Rxe6 37. Kf3 Rc6 38. b5 axb5 39. axb5 Re6 40. f5 Re5 41. Bxb6 Rxf5+ 42. Kg4 Rxb5 43. Be3 Kh7 44. Bf4 Kg6 45. h4 h5+ 46. Kf3 Kf5 47. Bd6 Rb3+ 48. Kf2 Ke4 49. Bf4 Rb2+ 50. Ke1 Kd3 51. Kf1 Re2 52. Bd6 Re6 53. Bf4 Ke4 54. Kf2 Rc6 55. Ke2 Rc2+ 56. Kf1 Kd3 57. Be5 Ke4 58. Bf4 Kf3 59. Be5 Re2 60. Bf4 Rf2+ 61. Ke1 Kg2 62. Bd6 Rf1+ 63. Ke2 Rf6 64. Bf4 Re6+ 65. Kd3 Kf3 66. Kd4 Re4+ 67. Kd3 Re8 68. Kd4 Re7 69. Kd3 Rd7+ 70. Kc4 Ke4 71. Kc3 Rd4 72. Kc2 Rd3 73. Kc1 Kd4 74. Kc2 Kc4 75. Kc1 Kb3 76. Be5 Re3 77. Bf4 Re1+ 78. Kd2 Re4 79. Kd3 Re1 80. Be3 Rd1+ 81. Ke4 Kc2 82. Kf5 Kd3 83. Bf4 Rb1 84. Kg6 Rb5 85. Bg5 Ke4 86. Kxh5 Kf3 87. g4 Rb4 88. Kg6 Rxg4 89. h5 Rg2 90. h6 Rh2 91. h7 Rxh7 92. Kxh7 1/2-1/2


[Site "https://www.chess.com"]

[Event "Titled Tuesday Blitz May 17 Late 2022"]
[White "Vasquez Schroeder, Rodrigo"]
[Black "Motylev, Alexander"]
[WhiteFideId "3400042"]
[BlackFideId "4121830"]
[WhiteElo "2567"]
[BlackElo "2470"]
[Result "0-1"]
[Round "10"]
[TimeControl "180+1"]
[Date "2022.05.17"]
[WhiteClock "0:00:04"]
[BlackClock "0:00:03"]

1. e4 e5 2. Nf3 Nc6 3. Bb5 a6 4. Ba4 g6 5. d4 b5 6. Bb3 exd4 7. Bg5 Be7 8. Bf4 g5 9. Nxg5 Bxg5 10. Qh5 Qf6 11. Bxg5 Qg6 12. Qh4 h6 13. Bf4 Qxg2 14. Rf1 Nge7 15. Qf6 Rh7 16. Nd2 d6 17. O-O-O Qg6 18. Qh4 Qg4 19. Qg3 Ng6 20. Bxd6 cxd6 21. Qxd6 Qd7 22. Qf6 Bb7 23. f4 Qe7 24. Qf5 Na5 25. Rg1 Nxb3+ 26. Nxb3 Bxe4 27. Qc5 Qxc5 28. Nxc5 Bf5 29. Rxd4 Kf8 30. Rd5 Nxf4 31. Re5 Re8 32. Rge1 Rxe5 33. Rxe5 Be6 34. Re4 Nd5 35. Nxe6+ fxe6 36. Rxe6 a5 37. Rd6 Nf4 38. Rf6+ Rf7 39. Rxh6 Ke7 40. Rb6 Rf5 41. Kd2 Kd7 42. Ra6 a4 43. b3 Nd5 44. bxa4 b4 45. Ra5 Kd6 46. h4 Rf2+ 47. Kd3 Rf3+ 48. Kd4 Rf4+ 49. Kd3 Rxh4 50. Rb5 Rh3+ 51. Kc4 Rh4+ 52. Kb3 Kc6 53. Ra5 Rh3+ 54. Kb2 Ne3 55. Kc1 Nc4 56. Ra6+ Kb7 57. Rh6 Rxh6 0-1


[Site "https://www.chess.com"]

[Event "Titled Tuesday Blitz May 17 Late 2022"]
[White "Vovk, Orest"]
[Black "Perez Rodriguez, Jennifer"]
[WhiteFideId "14113490"]
[BlackFideId "3507831"]
[WhiteElo "2203"]
[BlackElo "2170"]
[Result "1-0"]
[Round "10"]
[TimeControl "180+1"]
[Date "2022.05.17"]
[WhiteClock "0:00:16"]
[BlackClock "0:00:03"]

1. h4 d5 2. h5 h6 3. e4 dxe4 4. Nc3 Nf6 5. Qe2 Nc6 6. Nxe4 Nxe4 7. Qxe4 Qd4 8. Qxd4 Nxd4 9. Bd3 e5 10. Ne2 Nxe2 11. Bxe2 Bf5 12. d3 O-O-O 13. g4 Be6 14. Be3 Kb8 15. a3 Be7 16. O-O-O Bf6 17. Rhg1 g5 18. hxg6 fxg6 19. g5 hxg5 20. Bxg5 Bxg5+ 21. Rxg5 Bf5 22. Bg4 Rhf8 23. Re1 Rde8 24. Bxf5 gxf5 25. f4 e4 26. dxe4 fxe4 27. Re5 Kc8 28. R1xe4 Rxe5 29. fxe5 Kd7 30. Rh4 Rf7 31. Kd2 Ke6 32. Rh5 c5 33. Kd3 Rf3+ 34. Ke4 Rf2 35. Rh6+ Kd7 36. c4 Rxb2 37. Kd5 Rd2+ 38. Kxc5 Ra2 39. Rh7+ Ke6 40. Kb4 Kxe5 41. Kb3 Rf2 42. Rxb7 Kd4 43. Rxa7 Rf3+ 44. Kb4 Rf1 45. Rd7+ Ke5 46. a4 Rb1+ 47. Kc5 Ke6 48. Ra7 Rb2 49. a5 1-0


[Site "https://www.chess.com"]

[Event "Titled Tuesday Blitz May 17 Late 2022"]
[White "Xiong, Jeffery"]
[Black "Indjic, Aleksandar"]
[WhiteFideId "2047640"]
[BlackFideId "911925"]
[WhiteElo "2727"]
[BlackElo "2616"]
[Result "0-1"]
[Round "10"]
[TimeControl "180+1"]
[Date "2022.05.17"]
[WhiteClock "0:00:03"]
[BlackClock "0:00:02"]

1. e4 c5 2. Nf3 d6 3. Nc3 Nf6 4. d4 cxd4 5. Qxd4 a6 6. Nd5 e5 7. Nxf6+ Qxf6 8. Qa4+ Nc6 9. Bc4 Qg6 10. O-O Be7 11. Bd5 Bd7 12. Qb3 Rb8 13. a4 O-O 14. Bd2 Kh8 15. Ne1 f5 16. Qg3 Qh5 17. exf5 Nd4 18. Kh1 Bxf5 19. c3 Ne2 20. Qe3 Nf4 21. Bf3 Qg6 22. Qb6 e4 23. Bxf4 exf3 24. Nxf3 Be4 25. Qe3 Rbe8 26. Rae1 Bd8 27. Qd2 Qg4 28. Rxe4 Rxe4 29. Bxd6 Rfe8 30. Bg3 Bf6 31. Qd5 R4e7 32. a5 Rd7 33. Qb3 h5 34. h3 Qf5 35. Rd1 Qb5 36. Qc2 Rxd1+ 37. Qxd1 Qxa5 38. Qd7 Qb5 39. Qf7 Re7 40. Qg6 Qe8 41. Qc2 Re4 42. Qb3 Re2 43. Qxb7 Qe4 44. Qxa6 h4 45. Bc7 Rxf2 46. Bb6 Rxb2 47. Qc8+ Kh7 48. Bd4 Rb1+ 49. Kh2 Qf4+ 0-1


[Site "https://www.chess.com"]

[Event "Titled Tuesday Blitz May 17 Late 2022"]
[White "Yuan, Qingyu"]
[Black "Suleymanli, Aydin"]
[WhiteFideId "8609772"]
[BlackFideId "13413937"]
[WhiteElo "2359"]
[BlackElo "2481"]
[Result "0-1"]
[Round "10"]
[TimeControl "180+1"]
[Date "2022.05.17"]
[WhiteClock "0:00:01"]
[BlackClock "0:00:04"]

1. e4 c5 2. Nf3 Nc6 3. Bc4 g6 4. c3 Nf6 5. e5 d5 6. Bb5 Nd7 7. d4 Bg7 8. O-O O-O 9. Re1 cxd4 10. cxd4 Nb6 11. Bxc6 bxc6 12. h3 Qc7 13. Nc3 e6 14. b3 a5 15. Ba3 Rd8 16. Rc1 a4 17. Nb5 Qd7 18. Bc5 Nc4 19. Nc3 axb3 20. axb3 Na5 21. Ra1 Ra6 22. Na4 Qb7 23. Ra3 Qb5 24. Qc2 Nxb3 25. Nc3 Nxd4 26. Bxd4 Qc4 27. Rxa6 Bxa6 28. Qd2 c5 29. Be3 d4 30. Ne4 Bb7 31. Bg5 Ra8 32. Nd6 Qd5 33. Nxb7 Qxb7 34. Rc1 Bf8 35. Bf6 Qd5 36. Bg5 Ra2 37. Rc2 Ra1+ 38. Kh2 Qe4 39. Qf4 Qxc2 40. Bh6 Qf5 41. Qh4 Qh5 0-1


[Site "https://www.chess.com"]

[Event "Titled Tuesday Blitz May 17 Late 2022"]
[White "Yurovskykh, Oleksandr"]
[Black "Barria Zuniga, Daniel"]
[WhiteFideId "14134020"]
[BlackFideId "3400816"]
[WhiteElo "2292"]
[BlackElo "2414"]
[Result "1-0"]
[Round "10"]
[TimeControl "180+1"]
[Date "2022.05.17"]
[WhiteClock "0:00:08"]
[BlackClock "0:00:04"]

1. d4 d5 2. Bf4 c6 3. e3 Qb6 4. b3 Nf6 5. Nf3 Bg4 6. Be2 e6 7. O-O c5 8. c4 Nc6 9. Nc3 Rd8 10. Nb5 Rd7 11. Ne5 Nxe5 12. Bxe5 Bxe2 13. Qxe2 a6 14. Nc3 dxc4 15. bxc4 Be7 16. Bxf6 gxf6 17. Rab1 Qa5 18. Ne4 cxd4 19. exd4 Rg8 20. Rfd1 f5 21. Ng3 Kf8 22. d5 Rg6 23. Qh5 exd5 24. Qxf5 Rgd6 25. cxd5 Rxd5 26. Rxd5 Qxd5 27. Qxh7 Bf6 28. Qf5 b5 29. h3 Qxf5 30. Nxf5 Rd2 31. a4 Rd5 32. Ne3 Rc5 33. axb5 Rxb5 34. Rxb5 axb5 35. Nd5 Be7 36. Kf1 b4 37. Ke2 b3 38. Kd3 b2 39. Kc2 Bc5 40. f3 Bd4 41. Nf4 Kg7 42. Nd3 Kf6 43. Nxb2 Kg5 44. Nd3 Kh4 45. g4 Kxh3 46. Kd1 Kg3 47. Ke2 Kh4 48. Nf4 Kg5 49. Nh3+ Kf6 50. f4 Ba7 51. Kf3 Kg6 52. Ke4 f5+ 53. gxf5+ Kf6 54. Ng5 Bb8 55. Nf3 Kf7 56. Nh2 Bc7 57. Ng4 Bb8 58. Ne5+ Ke7 59. Nc6+ 1-0


[Site "https://www.chess.com"]

[Event "Titled Tuesday Blitz May 17 Late 2022"]
[White "Zakhartsov, Vladimir"]
[Black "Gallo Garcia, Kemel Antonio"]
[WhiteFideId "4145097"]
[BlackFideId "3523896"]
[WhiteElo "2428"]
[BlackElo "2359"]
[Result "1-0"]
[Round "10"]
[TimeControl "180+1"]
[Date "2022.05.17"]
[WhiteClock "0:01:29"]
[BlackClock "0:00:01"]

1. d4 Nf6 2. c4 g6 3. Nc3 d5 4. Nf3 Bg7 5. Bg5 Ne4 6. Bf4 Nxc3 7. bxc3 dxc4 8. e3 c5 9. Bxc4 cxd4 10. cxd4 Qa5+ 11. Qd2 Qxd2+ 12. Kxd2 Nc6 13. Rhc1 O-O 14. Bb5 Rd8 15. Bxc6 bxc6 16. Rxc6 Bb7 17. Rc5 Rac8 18. Rac1 Rxc5 19. Rxc5 e6 20. Rc7 Bxf3 21. gxf3 e5 22. Bg5 f6 23. Bh4 exd4 24. e4 d3 25. f4 Bh6 26. Bg3 g5 27. fxg5 fxg5 28. f3 Rf8 29. Kxd3 Rxf3+ 30. Kc4 Ra3 31. e5 Rxa2 32. Kd5 a5 33. e6 Rd2+ 34. Ke4 Bf8 35. Rc8 h5 36. Be5 Re2+ 37. Kf5 Rf2+ 38. Kg6 Re2 39. e7 1-0


[Site "https://www.chess.com"]

[Event "Titled Tuesday Blitz May 17 Late 2022"]
[White "Adewumi, Tanitoluwa"]
[Black "Solon, Nathan"]
[WhiteFideId "30966396"]
[BlackFideId "2017229"]
[WhiteElo "2501"]
[BlackElo "2564"]
[Result "0-1"]
[Round "11"]
[TimeControl "180+1"]
[Date "2022.05.17"]
[WhiteClock "0:00:03"]
[BlackClock "0:00:25"]

1. e4 c6 2. d4 d5 3. e5 c5 4. dxc5 e6 5. Be3 Nd7 6. Nf3 Bxc5 7. Bxc5 Nxc5 8. Nc3 Ne7 9. Qd4 Qb6 10. Bd3 Nc6 11. Qe3 d4 12. Nxd4 Nxd3+ 13. Qxd3 Qxd4 14. Qxd4 Nxd4 15. O-O-O Nc6 16. Nb5 O-O 17. f4 a6 18. Nd6 b5 19. Rd3 Nb4 20. Rd4 Nd5 21. Rhd1 Bd7 22. c3 Bc6 23. g3 Ra7 24. a3 Rd7 25. Ne4 Rc7 26. Kb1 Bb7 27. Nd6 Rd8 28. f5 Rcd7 29. fxe6 fxe6 30. R1d3 Rxd6 31. exd6 Rxd6 32. Rd1 Kf7 33. Rf1+ Ke7 34. Re1 Nf6 35. Kc2 Rxd4 36. cxd4 Kd6 37. Kc3 Bd5 38. Kd3 Bc4+ 39. Kc3 Kd5 40. Re5+ Kd6 41. Re1 Bd5 42. Kd3 g5 43. h3 h5 44. h4 g4 45. Rf1 Ne4 46. Rg1 e5 47. Ke3 Ke6 48. Rg2 Kf5 49. Rf2+ Nxf2 0-1


[Site "https://www.chess.com"]

[Event "Titled Tuesday Blitz May 17 Late 2022"]
[White "Ambartsumova, Karina"]
[Black "Tologon tegin, Semetei"]
[WhiteFideId "4166299"]
[BlackFideId "13800574"]
[WhiteElo "2262"]
[BlackElo "2258"]
[Result "0-1"]
[Round "11"]
[TimeControl "180+1"]
[Date "2022.05.17"]
[WhiteClock "0:00:03"]
[BlackClock "0:00:02"]

1. d4 Nf6 2. Nf3 g6 3. g3 Bg7 4. Bg2 O-O 5. O-O d5 6. b3 a5 7. c4 a4 8. Bb2 c6 9. Nbd2 Qa5 10. Qc1 Bg4 11. Bc3 Qb6 12. Re1 Nbd7 13. c5 Qa6 14. b4 b5 15. h3 Bxf3 16. exf3 e6 17. f4 Rfe8 18. Bf3 Nf8 19. Kg2 N6d7 20. h4 f5 21. h5 Nf6 22. hxg6 hxg6 23. Be2 Ne4 24. Nf3 Qb7 25. Ne5 Bxe5 26. fxe5 Qg7 27. Rh1 Kf7 28. f3 Nxc3 29. Qxc3 Nd7 30. Qe3 g5 31. Rh5 Rh8 32. Qxg5 Qxg5 33. Rxg5 Rh6 34. Rg1 Rah8 35. Kf2 Rh2+ 36. Rg2 Nf8 37. f4 Rh1 38. g4 Nh7 39. Rh5 Rxh5 40. gxh5 Nf8 41. Rg5 Rh6 42. a3 Nh7 43. Rg1 Nf8 44. Kg3 Rh7 45. Kf2 Rh6 46. Rg3 Nd7 47. Kg2 Rh8 48. Kh3 Nb8 49. Rg6 Nd7 50. Kh4 Nf8 51. Rf6+ Kg7 52. Bxb5 cxb5 53. c6 Nh7 54. Rxe6 Rc8 55. Rd6 Nf8 56. h6+ Kh7 57. Kg5 Rc7 58. Kxf5 Rf7+ 59. Kg5 Rc7 60. f5 Rc8 61. e6 Rc7 62. f6 Ng6 63. Rd7+ Rxd7 64. exd7 Nf8 65. Kf5 Kxh6 66. d8=Q Ng6 0-1


[Site "https://www.chess.com"]

[Event "Titled Tuesday Blitz May 17 Late 2022"]
[White "Andreikin, Dmitry"]
[Black "Bluebaum, Matthias"]
[WhiteFideId "4158814"]
[BlackFideId "24651516"]
[WhiteElo "2736"]
[BlackElo "2556"]
[Result "1-0"]
[Round "11"]
[TimeControl "180+1"]
[Date "2022.05.17"]
[WhiteClock "0:01:00"]
[BlackClock "0:00:37"]

1. Nf3 d5 2. g3 b6 3. c4 dxc4 4. Qa4+ Nd7 5. Bg2 Bb7 6. O-O e6 7. Na3 a6 8. Qxc4 Ngf6 9. b3 b5 10. Qh4 Bd6 11. Nc2 O-O 12. Bb2 h6 13. Ne3 Be7 14. Qh3 c5 15. Rad1 Qa5 16. a3 Rac8 17. g4 Nh7 18. Qg3 Rfd8 19. h4 Qc7 20. Qh3 Bxf3 21. Bxf3 Ne5 22. Be4 Nf6 23. Bb1 Nd5 24. f4 Ng6 25. f5 Ngf4 26. Qf3 Bxh4 27. fxe6 fxe6 28. Kh1 Qc6 29. Nxd5 Nxd5 30. Qf7+ 1-0


[Site "https://www.chess.com"]

[Event "Titled Tuesday Blitz May 17 Late 2022"]
[White "Barria Zuniga, Daniel"]
[Black "Nozdrachev, Leonid"]
[WhiteFideId "3400816"]
[BlackFideId "24113433"]
[WhiteElo "2414"]
[BlackElo "2255"]
[Result "0-1"]
[Round "11"]
[TimeControl "180+1"]
[Date "2022.05.17"]
[WhiteClock "0:01:49"]
[BlackClock "0:01:40"]

1. c4 c5 2. g3 g6 3. Bg2 Bg7 4. Nc3 Nf6 5. a3 O-O 6. Rb1 e6 7. b4 cxb4 8. axb4 d5 9. d3 dxc4 10. dxc4 Qxd1+ 11. Nxd1 Nc6 12. Nf3 e5 13. b5 Nd4 14. Nxe5 Ng4 15. Nxg4 Bxg4 16. Bxb7 Rad8 17. f3 Bf5 18. e4 Nxf3+ 19. Kf2 Bg4 20. h3 Nd2 21. Bxd2 Rxd2+ 22. Ke3 Bh6# 0-1


[Site "https://www.chess.com"]

[Event "Titled Tuesday Blitz May 17 Late 2022"]
[White "D`Arruda, Ricardo D."]
[Black "Sismeiro, Miguel"]
[WhiteFideId "100692"]
[BlackFideId "1950975"]
[WhiteElo "2493"]
[BlackElo "2031"]
[Result "1-0"]
[Round "11"]
[TimeControl "180+1"]
[Date "2022.05.17"]
[WhiteClock "0:00:34"]
[BlackClock "0:00:25"]

1. d4 Nf6 2. Nf3 g6 3. Nc3 d5 4. Bg5 Bg7 5. Bxf6 exf6 6. e3 O-O 7. Ne2 c6 8. c3 Re8 9. h4 h5 10. Nf4 Bh6 11. g3 Bg4 12. Be2 Bxf4 13. gxf4 Nd7 14. Qc2 Qe7 15. O-O-O Bf5 16. Bd3 Bxd3 17. Qxd3 Qe4 18. Qxe4 Rxe4 19. Rhg1 Nb6 20. Kc2 Re7 21. b3 Nc8 22. Ne1 Nd6 23. Nd3 a5 24. a4 b6 25. Kb2 Rc7 26. Ne1 Kf8 27. Nc2 Rb8 28. Ka2 b5 29. Rb1 Ne4 30. Kb2 bxa4 31. b4 Nxf2 32. Ra1 c5 33. dxc5 Rxc5 34. Rxa4 Ne4 35. Ra3 axb4 36. Nxb4 Nxc3 37. Rxc3 Rxb4+ 38. Kc2 Rbc4 39. Rxc4 Rxc4+ 40. Kd3 f5 41. Ra1 Re4 42. Ra8+ Kg7 43. Rd8 d4 44. Rxd4 Rxd4+ 45. exd4 Kf6 46. Kc4 Ke6 47. d5+ Kd6 48. Kd4 f6 49. Kc4 Kd7 50. Kc5 Kc7 51. d6+ Kd7 52. Kd5 Kd8 53. Ke6 Ke8 54. Kxf6 Kd7 55. Kxg6 Kxd6 56. Kxf5 Kd5 57. Kg6 Ke4 58. f5 Kf4 59. f6 Kg4 60. f7 Kxh4 61. f8=Q Kg4 62. Qf5+ Kg3 63. Kxh5 1-0


[Site "https://www.chess.com"]

[Event "Titled Tuesday Blitz May 17 Late 2022"]
[White "Demchenko, Anton"]
[Black "Ohanyan, Emin"]
[WhiteFideId "4160258"]
[BlackFideId "13312022"]
[WhiteElo "2539"]
[BlackElo "1927"]
[Result "0-1"]
[Round "11"]
[TimeControl "180+1"]
[Date "2022.05.17"]
[WhiteClock "0:00:01"]
[BlackClock "0:00:04"]

1. e4 e5 2. Nf3 Nc6 3. Bc4 Nf6 4. d3 d5 5. exd5 Nxd5 6. O-O Bc5 7. Nbd2 O-O 8. Ne4 Bb6 9. h3 f6 10. a4 Be6 11. c3 Bf7 12. Re1 Nde7 13. Qb3 Qxd3 14. Bxf7+ Rxf7 15. Qa2 Qd5 16. b3 a5 17. Ba3 Ng6 18. Rad1 Qe6 19. Bc1 Rd7 20. Neg5 fxg5 21. Nxg5 Rxd1 22. Rxd1 Qf6 23. b4+ Kh8 24. Nf7+ Kg8 25. Nxe5+ Kh8 26. Nf7+ Kg8 27. Ng5+ Kh8 28. Nf7+ Kg8 29. Nd6+ Kf8 30. Ne4 Qf7 31. Qc2 h6 32. b5 Nce5 33. Ba3+ Kg8 34. c4 Nxc4 35. Bc1 Re8 36. Ng3 Nd6 37. Rf1 Rf8 38. Bd2 Nf5 39. Ne4 Qd5 40. Bc1 Nd4 0-1


[Site "https://www.chess.com"]

[Event "Titled Tuesday Blitz May 17 Late 2022"]
[White "Domingo Nunez, Alejandro"]
[Black "Moroni, Luca Jr"]
[WhiteFideId "22245561"]
[BlackFideId "865834"]
[WhiteElo "2215"]
[BlackElo "2573"]
[Result "0-1"]
[Round "11"]
[TimeControl "180+1"]
[Date "2022.05.17"]
[WhiteClock "0:00:12"]
[BlackClock "0:01:58"]

1. c4 g6 2. Nc3 Bg7 3. g3 d6 4. Bg2 Nc6 5. e3 h5 6. h3 h4 7. g4 e5 8. Rb1 f5 9. b4 fxg4 10. hxg4 Nf6 11. Bh3 g5 12. Qc2 Qe7 13. Qg6+ Qf7 14. Qxf7+ Kxf7 15. f3 a5 16. a3 axb4 17. axb4 e4 18. d4 exd3 19. Bf1 Ne5 20. Nb5 Ra2 21. Nc3 Rc2 22. Bd2 Nfxg4 23. fxg4 Bxg4 24. Rc1 Rxc1+ 25. Bxc1 Nxc4 26. Bxd3 Bxc3+ 27. Kf2 Ne5 28. Be4 c6 29. Nh3 Bxh3 30. Rxh3 g4 31. Rh1 d5 32. Bc2 Ke6 33. e4 Bd4+ 34. Ke2 g3 35. Kf1 h3 0-1


[Site "https://www.chess.com"]

[Event "Titled Tuesday Blitz May 17 Late 2022"]
[White "Dubov, Daniil"]
[Black "Holt, Conrad"]
[WhiteFideId "24126055"]
[BlackFideId "2034387"]
[WhiteElo "2791"]
[BlackElo "2586"]
[Result "0-1"]
[Round "11"]
[TimeControl "180+1"]
[Date "2022.05.17"]
[WhiteClock "0:00:17"]
[BlackClock "0:00:07"]

1. d4 d5 2. Nf3 Nf6 3. c4 c6 4. g3 dxc4 5. Bg2 g6 6. O-O Bg7 7. a4 a5 8. Nbd2 b5 9. e4 O-O 10. e5 Nd5 11. Ne4 Na6 12. h4 Bf5 13. Re1 Nab4 14. h5 Nd3 15. Re2 Qd7 16. h6 Bh8 17. Bg5 Nxb2 18. Rxb2 Bxe4 19. Qe1 Bxf3 20. Bxf3 c3 21. Re2 b4 22. e6 fxe6 23. Bg4 Rf5 24. Bh4 Bxd4 25. Rd1 c5 26. Rxd4 cxd4 27. Rxe6 c2 28. Bxf5 gxf5 29. Bg5 Kf7 30. Re5 e6 31. Qe2 Rc8 32. Bc1 Nf6 33. Rxa5 d3 34. Qe3 d2 35. Bxd2 Qxd2 36. Ra7+ Nd7 37. Qxd2 c1=Q+ 38. Qxc1 Rxc1+ 39. Kg2 Ke7 40. Rb7 Rb1 41. a5 Ra1 42. Rb5 b3 43. Kh3 b2 44. Rxb2 Rxa5 45. Kh4 Ra4+ 46. f4 Ra8 47. Rb7 Rg8 48. Kh5 Rxg3 49. Ra7 Rg8 50. Rb7 Kd6 51. Kh4 Rg4+ 52. Kh5 Nf6# 0-1


[Site "https://www.chess.com"]

[Event "Titled Tuesday Blitz May 17 Late 2022"]
[White "Gabrielian, Artur"]
[Black "De La Colina, Nicolas"]
[WhiteFideId "4131002"]
[BlackFideId "30946921"]
[WhiteElo "2440"]
[BlackElo "2046"]
[Result "1-0"]
[Round "11"]
[TimeControl "180+1"]
[Date "2022.05.17"]
[WhiteClock "0:00:42"]
[BlackClock "0:00:21"]

1. e4 c5 2. Nc3 Nc6 3. Bb5 Nd4 4. Nf3 a6 5. Bd3 Nc6 6. O-O e6 7. Re1 g5 8. Kh1 h5 9. Bf1 g4 10. Ng1 Bg7 11. d3 Nge7 12. Be3 b6 13. Nge2 Nd4 14. Qd2 Bb7 15. Nd1 Qc7 16. c3 Nxe2 17. Bxe2 O-O-O 18. b4 d5 19. bxc5 bxc5 20. Rb1 dxe4 21. d4 Nc6 22. Nb2 cxd4 23. cxd4 Bxd4 24. Rec1 Bxe3 25. Qxe3 Rd5 26. Nc4 Kb8 27. Nb6 Rd6 28. Bxa6 Rhd8 29. Bxb7 Qxb7 30. Nc4 1-0


[Site "https://www.chess.com"]

[Event "Titled Tuesday Blitz May 17 Late 2022"]
[White "Gallo Garcia, Kemel Antonio"]
[Black "Yurovskykh, Oleksandr"]
[WhiteFideId "3523896"]
[BlackFideId "14134020"]
[WhiteElo "2359"]
[BlackElo "2292"]
[Result "0-1"]
[Round "11"]
[TimeControl "180+1"]
[Date "2022.05.17"]
[WhiteClock "0:00:04"]
[BlackClock "0:00:08"]

1. e4 e6 2. d4 d5 3. e5 c5 4. c3 Qb6 5. Nf3 Nc6 6. Bd3 cxd4 7. O-O Bd7 8. Re1 Nge7 9. cxd4 Nxd4 10. Nxd4 Qxd4 11. Nc3 a6 12. Qe2 Nc6 13. a3 Qa7 14. Qg4 g6 15. Bg5 Be7 16. Bf6 Bxf6 17. exf6 O-O-O 18. Rec1 Kb8 19. Qg3+ Ka8 20. b4 Qb8 21. Qf3 Ne5 22. Qe2 Nxd3 23. Qxd3 Rc8 24. b5 a5 25. Na4 b6 26. h4 Ka7 27. g3 Rxc1+ 28. Rxc1 Rc8 29. Rxc8 Qxc8 30. h5 Qd8 31. hxg6 hxg6 32. Qd4 Bxb5 33. Nc3 Bc4 34. Ne4 Qc7 35. Ng5 e5 36. Qh4 d4 37. Qe4 d3 38. Nf3 b5 39. Nxe5 Qd6 40. Nc6+ Kb6 41. Ne5 d2 42. Qe3+ Ka6 43. Nxc4 d1=Q+ 0-1


[Site "https://www.chess.com"]